 Dungeon Crawl Stone Soup version 0.31-a0-466-g98c9adc2b6 (webtiles) character file.

Game seed: 1218697357168160033

40 horus123 the Trooper (level 3, -15/30 HPs)
             Began as a Merfolk Gladiator on Aug 6, 2023.
             Demolished by a gnoll
             ... wielding a +0 halberd
              (16 damage)
             ... on level 1 of the Dungeon.
             The game lasted 00:01:33 (1414 turns).

horus123 the Trooper (Merfolk Gladiator)            Turns: 1414, Time: 00:01:33

Health: -15/30     AC:  4    Str: 16    XL:     3   Next: 50%
Magic:  3/3        EV: 13    Int:  7    God:
Gold:   60         SH:  0    Dex: 15    Spells: 2/2 levels left

rFire   . . .        a - +0 trident
rCold   . . .        (no shield)
rNeg    . . .        b - +0 leather armour
rPois   .            c - +0 helmet
rElec   .            (no cloak)
rCorr   .            (no gloves)
SInv    .            (no boots)
Will    .....        (no amulet)
Stlth   +            (no ring)
HPRegen 0.25/turn    (no ring)
MPRegen 0.08/turn

%: no passive effects
@: no status effects
A: (nimble swimmer 2), mertail
a: no special abilities


You were on level 1 of the Dungeon.
You visited 1 branch of the dungeon, and saw 2 of its levels.

You collected 60 gold pieces.

Inventory:

Hand Weapons
 a - a +0 trident (weapon)
Missiles
 d - 3 throwing nets (quivered)
 e - a javelin
Armour
 b - a +0 leather armour (worn)
 c - a +0 helmet (worn)
Scrolls
 f - a scroll of enchant weapon {unknown}
 h - a scroll of torment {unknown}
Potions
 g - a potion of haste {unknown}
 i - a potion of mutation {unknown}
 j - a potion of lignification {unknown}


   Skills:
 + Level 4.2 Fighting
 - Level 4.0 Polearms
 - Level 2.0 Throwing
 - Level 4.0 Dodging


You had 2 spell levels left.
You didn't know any spells.
Your spell library was empty.

Dungeon Overview and Level Annotations

Branches:
Dungeon (2/15)

Altars:


Innate Abilities, Weirdness & Mutations

((You are very nimble when in or above water. (Stealth+, EV+, Speed+++)))
Your lower body shifts to a powerful aquatic tail in water.


Message History

The gnoll closely misses you. The gnoll attacks as you move away!
The gnoll barely misses you. The gnoll closely misses you.
The gnoll barely misses you.
There is a stone staircase leading up here.
The gnoll hits you from afar with a +0 halberd.
The gnoll hits you from afar with a +0 spear.
You climb upwards.
There is a stone staircase leading down here.
You start resting.
HP restored.
You start waiting.
Done waiting.
You start waiting.
Done waiting.
You climb downwards.
The kobold throws a stone.
The stone closely misses you.
There is a stone staircase leading up here.
The gnoll closely misses you. The gnoll attacks as you move away!
The gnoll misses you. The gnoll closely misses you. The gnoll misses you.
There is a stone staircase leading up here.
The gnoll closely misses you. The gnoll closely misses you.
The gnoll hits you with a +0 halberd.
There is a stone staircase leading up here.
The gnoll hits you but does no damage. The gnoll closely misses you.
You climb upwards.
There is a stone staircase leading down here.
You closely miss the gnoll. The gnoll closely misses you.
You puncture the gnoll!
The gnoll is severely wounded.
The gnoll hits you with a +0 halberd!
You barely miss the gnoll.
The gnoll is severely wounded.
The gnoll hits you with a +0 halberd!
Ouch! That really hurt!
* * * LOW HITPOINT WARNING * * *
You barely miss the gnoll.
The gnoll is severely wounded.
The gnoll hits you with a +0 halberd!
Ouch! That really hurt!
You die...

#.# #.# #.# #.# #.# #.# #.#
#.# #.# #.######## #.#
#........# #.# ########.#
##.##########.# ##########
#..........@#.###........#
###########.g............#
#.#.##.........#
#.#............#
#.#............###
##########.#...............
#..........#...............
#.########.#.####+####....รท
#.# #.#.# ##...##.....


You could see a gnoll.

Vanquished Creatures
  A gnoll (D:2)
  An adder (D:2)
  A dart slug (D:2)
  4 ball pythons (D:1)
  An endoplasm (D:1)
  A giant cockroach (D:1)
  A goblin (D:1)
  A hobgoblin (D:2)
  2 jackals (D:2)
  2 kobolds
  A quokka (D:1)
  3 frilled lizards (D:1)
  A rat (D:1)
20 creatures vanquished.

Notes
Turn   | Place    | Note
-------+----------+-------------------------------------------
     0 | D:1      | horus123 the Merfolk Gladiator began the quest for the Orb.
     0 | D:1      | Reached XP level 1. HP: 16/16 MP: 1/1
   121 | D:1      | Reached XP level 2. HP: 23/23 MP: 2/2
   798 | D:2      | Reached XP level 3. HP: 24/30 MP: 3/3
  1413 | D:1      | HP: 1/30 [gnoll/+0 halberd (15)]
  1414 | D:1      | Demolished by a gnoll

Illustrated notes

Levels and vault maps discovered:
D:1:      wheals_arrival_shading, layout_basic, minmay_tromino_v4_c
D:2:      layout_loops_ring, serial_shops, shop, dreamdust_princess_bridge,
          uniq_natasha

Skill      XL: |  1  2  3 |
---------------+----------+-----
Fighting       | 3 4 |  4.2
Polearms       | |  4.0
Throwing       | |  2.0
Dodging        | |  4.0

Action                     || total
---------------------------++-------
  Melee: Trident           ||    74
   Stab: Sleeping          ||     2
 Armour: Leather armour    ||    26
  Dodge: Dodged            ||    82

Table legend: (Time is in decaauts)
 A = Elapsed time spent in this place.
 B = Non-inter-level travel time spent in this place.
 C = Inter-level travel time spent in this place.
 D = Time resting spent in this place.
 E = Time spent auto-exploring this place.
 F = Levels seen in this place.
 G = Mean time per level.
                   A        B        C        D        E       F      G
               +--------+--------+--------+--------+--------+-----+--------+
         Total |   1423 |   1377 |     46 |    451 |    733 |   2 |  711.5 |
       Dungeon |   1423 |   1377 |     46 |    451 |    733 |   2 |  711.5 |
               +--------+--------+--------+--------+--------+-----+--------+

Top non-repeatable levels by time:
     D:1: 1193 daAuts
     D:2: 230 daAuts
